 Dungeon Crawl Stone Soup version 0.20.1-1-g8b1a95d (webtiles) character file.

357 rrRat the Cudgeler (level 6, -3/55 HPs)
             Began as a Draconian Berserker on Nov 7, 2017.
             Was a Priest of Trog.
             Slain by a gnoll
             ... wielding a +0 halberd
              (4 damage)
             ... on level 4 of the Dungeon.
             The game lasted 00:13:36 (2431 turns).

rrRat the Cudgeler (Draconian Berserker)            Turns: 2431, Time: 00:13:37

Health: -3/55      AC:  6    Str: 22    XL:     6   Next: 37%
Magic:  6/6        EV: 10    Int:  7    God:    Trog [***...]
Gold:   169        SH:  8    Dex: 10    Spells: 5/5 levels left

rFire    + + .     SeeInvis .   c - +8 mace (drain)
rCold    + . .     Gourm    +   m - +0 shield
rNeg     . . .     Faith    .   (armour unavailable)
rPois    +         Spirit   .   (helmet restricted)
rElec    +         Reflect  .   (no cloak)
rCorr    +         Harm     .   (no gloves)
MR       +....                  (no boots)
Stlth    +.........             j - amulet of the gourmand
Regen    0.2/turn               d - ring of protection from fire
MPRegen  0.1/turn               i - ring of protection from magic

@: resistant
A: unfitting armour, cold-blooded, AC +6
a: Berserk, Trog's Hand, Burn Spellbooks, Renounce Religion


You were on level 4 of the Dungeon.
You worshipped Trog.
Trog was most pleased with you.
You were hungry.

You visited 1 branch of the dungeon, and saw 4 of its levels.

You collected 169 gold pieces.

Inventory:

Hand Weapons
 c - a +8 mace of draining (weapon)
Armour
 m - a +0 shield (worn)
Jewellery
 d - a ring of protection from fire (left hand)
 i - a ring of protection from magic (right hand)
 j - an amulet of the gourmand (around neck)
Scrolls
 k - 2 scrolls of remove curse
Potions
 e - a potion of heal wounds {unknown}
 g - a potion of brilliance {unknown}
 l - a potion of lignification {unknown}
Comestibles
 b - a bread ration
 f - 3 royal jellies


   Skills:
 + Level 4.8 Fighting
 + Level 4.9 Maces & Flails
 + Level 3.9 Dodging
 + Level 1.0 Stealth
 * Level 2.1 Shields


You had 5 spell levels left.
You didn't know any spells.

Dungeon Overview and Level Annotations

Branches:
Dungeon (4/15)
 Temple: D:4-7

Altars:
Dithmenos
Hepliaklqana
Vehumet

Annotations:
D:4 StylePro's ghost, amateur NaFi


Innate Abilities, Weirdness & Mutations

Your plain brown scales are hard. (AC +6)
You cannot fit into any form of body armour.
You are cold-blooded and may be slowed by cold attacks.


Message History

The gnoll hits the plant.
The gnoll hits the plant with a halberd.
The gnoll hits the plant but does no damage.
It was a potion of resistance.
You feel protected. The gnoll hits you but does no damage.
You hit StylePro's ghost.
You tail-slap StylePro's ghost, but do no damage.
StylePro's ghost is almost destroyed.
The gnoll hits the plant.
StylePro's ghost hits you but does no damage.
You block the gnoll's attack.
The gnoll hits the plant.
The plant is destroyed!
StylePro's ghost hits you but does no damage.
You hit StylePro's ghost.
StylePro's ghost is almost destroyed.
The gnoll hits you from afar with a halberd.
* * * LOW HITPOINT WARNING * * *
The gnoll hits you from afar with a halberd.
You die...

#.# #..# !.....
...#..##...... ..
#.#..##.+P..♣..P #
....##.P..P≈♣....
##.###..#.P..≈♣♣≈....
......gg...P≈♣≈≈≈≈..P
#####.g#g..≈≈≈≈≈≈≈..P
...#.#W♣..≈≈♣≈≈.♣P#
+... ..##@.P≈.≈♣....#
#.. ... #.#..♣P..P..#
#. ...#.#...........#
# ....#.##..........#
.....#..#..........#
#.#..........#
#.......######
##......# +...
#......#


You could see a gnoll shaman, StylePro's ghost and a gnoll.

Vanquished Creatures
  2 orc priests (D:3)
  Natasha (twice) (D:2)
  2 worker ants
  Robin (D:2)
  2 adders (D:2)
  7 gnolls (D:3)
  An adder skeleton (D:4)
  2 dart slugs (D:2)
  3 leopard geckos
  13 orcs (D:3)
  A ball python (D:1)
  4 giant cockroaches
  15 goblins
  11 hobgoblins
  3 jackals (D:3)
  5 bats
  A frilled lizard (D:3)
  4 kobolds (D:1)
  6 rats
85 creatures vanquished.

Vanquished Creatures (others)
  A plant (D:4)
1 creature vanquished.

Grand Total: 86 creatures vanquished

Notes
Turn   | Place    | Note
-------+----------+-------------------------------------------
     0 | D:1      | rrRat the Draconian Berserker began the quest for the Orb.
     0 | D:1      | Reached XP level 1. HP: 19/19 MP: 1/1
    96 | D:1      | Reached XP level 2. HP: 26/26 MP: 2/2
   302 | D:1      | Reached ** piety under Trog
   732 | D:2      | Noticed Robin
   740 | D:2      | Reached XP level 3. HP: 27/31 MP: 3/3
   774 | D:2      | Killed Robin
   782 | D:2      | Found a hazy altar of Hepliaklqana.
   816 | D:2      | Reached XP level 4. HP: 14/40 MP: 4/4
  1035 | D:2      | Found a faded altar of an unknown god.
  1107 | D:2      | Noticed Natasha
  1116 | D:2      | Killed Natasha
  1273 | D:2      | Noticed Natasha
  1281 | D:2      | Killed Natasha
  1452 | D:3      | Reached XP level 5. HP: 45/47 MP: 5/5
  1517 | D:3      | Found a shadowy altar of Dithmenos.
  1797 | D:3      | Reached skill level 1 in Shields
  1807 | D:3      | Reached skill level 1 in Stealth
  2032 | D:3      | Reached XP level 6. HP: 53/53 MP: 6/6
  2368 | D:4      | Found a radiant altar of Vehumet.
  2402 | D:4      | Noticed StylePro's ghost (amateur NaFi)
  2408 | D:4      | Reached *** piety under Trog
  2431 | D:4      | HP: 1/55 [gnoll/halberd (4)]
  2431 | D:4      | Slain by a gnoll

Skill      XL: |  1  2  3  4  5  6 |
---------------+-------------------+-----
Dodging        | 3 |  3.9
Fighting       | 4 |  4.8
Maces & Flails | 4 |  4.9
Shields        | 1 2 |  2.1
Stealth        | 1 |  1.0

Action                   |  1- 3 |  4- 6 || total
-------------------------+-------+-------++-------
Melee: Mace              |   100 |   104 ||   204
       Tailslap          |    15 |    13 ||    28
Invok: Berserk           |     1 |       ||     1
  Use: Scroll            |     1 |     6 ||     7
       Potion            |     1 |     2 ||     3
 Stab: Sleeping          |       |     1 ||     1
  Eat: Bread ration      |       |     1 ||     1
       Chunk             |       |     1 ||     1
Armor: Skin              |    47 |    21 ||    68
Dodge: Dodged            |   104 |    45 ||   149
Block: Shield            |       |    24 ||    24
